 Dungeon Crawl Stone Soup version 0.25.1-2-g60ff931df9 (webtiles) character file.

Game seed: 16358265592528546968

1583 DildoBatman the Conjurer (level 9, -4/61 HPs)
             Began as a Formicid Wizard on Sept 11, 2020.
             Was an Initiate of Kikubaaqudgha.
             Slain by a killer bee (8 damage)
             ... on level 2 of the Dungeon.
             The game lasted 00:26:32 (7176 turns).

DildoBatman the Conjurer (Formicid Wizard)          Turns: 7176, Time: 00:26:33

Health: -4/61      AC:  5    Str: 10 (12) XL:     9   Next: 14%
Magic:  22/22      EV:  8    Int: 18 (21) God:    Kikubaaqudgha [......]
Gold:   262        SH:  7    Dex:  6 (9)  Spells: 7/14 levels left

rFire    + . .     SeeInvis +   a - +3 flail (venom)
rCold    x . .     Gourm    .   G - +2 kite shield
rNeg     . . .     Faith    .   J - +2 leather armour {MR+}
rPois    .         Spirit   .   (helmet unavailable)
rElec    .         Reflect  .   (no cloak)
rCorr    .         Harm     .   (no gloves)
MR       +....                  (no boots)
Stlth    +.........             (no amulet)
HPRegen  0.20/turn              h - ring of magical power
MPRegen  0.18/turn              y - ring of fire

@: brilliant, lethally poisoned (-4 -> -28), flying
A: permanent stasis, dig shafts and tunnels, four strong arms, antennae 3,
blurry vision 1, sense surroundings 1, no potion heal 1
a: Dig, Shaft Self, Renounce Religion


You were on level 2 of the Dungeon.
You worshipped Kikubaaqudgha.
Kikubaaqudgha was noncommittal.
You were very hungry.

You visited 2 branches of the dungeon, and saw 6 of its levels.
You also visited: Sewer.

You collected 262 gold pieces.

Inventory:

Hand Weapons
 a - a +3 flail of venom (weapon)
 b - a +1 whip of electrocution
 c - a +0 hunting sling
 e - a +0 spear
Missiles
 d - 103 stones (quivered)
 g - 17 boomerangs
 n - 5 bolts
 o - 38 arrows
 p - 43 poisoned darts
Armour
 G - a +2 kite shield (worn)
 J - a +2 leather armour of magic resistance (worn)
Jewellery
 h - a ring of magical power (left hand)
 y - a ring of fire (right hand)
Wands
 r - a wand of iceblast (12)
 C - a wand of disintegration (15)
Scrolls
 l - 2 scrolls of magic mapping {unknown}
 m - a scroll of fear {unknown}
 q - 2 scrolls of enchant armour
 s - a scroll of fog {unknown}
 t - 4 scrolls of enchant weapon
 x - 4 scrolls of remove curse
 z - 2 scrolls of identify
 D - 2 scrolls of immolation {unknown}
 F - 2 scrolls of teleportation {unknown}
Potions
 f - a potion of might {unknown}
 i - a potion of lignification {unknown}
 j - a potion of degeneration
 w - a potion of mutation
 A - a potion of curing {unknown}
Comestibles
 v - 12 rations


   Skills:
 * Level 1.8 Fighting
 * Level 1.8 Armour
 * Level 2.4 Dodging
 - Level 2.4 Stealth
 - Level 3.2 Spellcasting
 * Level 5.8 Conjurations
   Level 1.0 Summonings
   Level 0.8 Translocations
 - Level 5.0 Fire Magic
 - Level 5.0 Air Magic


You had 7 spell levels left.
You knew the following spells:

 Your Spells              Type           Power        Failure   Level  Hunger
a - Conjure Flame         Conj/Fire      ######..     43%         3    None
c - Magic Dart            Conj           ####         13%         1    None
e - Mephitic Cloud        Conj/Pois/Air  ###.....     69%         3    None

Your spell library contained the following spells:

 Spells                   Type           Power        Failure   Level  Hunger
 Call Imp                 Summ           #.......     83%         2    None
 Slow                     Hex            #.......     92%         2    None
 Blink                    Tloc           Unusable     N/A         2    N/A

Dungeon Overview and Level Annotations

Branches:
Dungeon (5/15)             Temple (1/1) D:5           Sewer (visited)

Altars:
Ashenzari
Cheibriados
Dithmenos
Elyvilon
Fedhas
Gozag
Hepliaklqana
Kikubaaqudgha
Makhleb
Nemelex Xobeh
Okawaru
Qazlal
Ru
Sif Muna
Trog
Uskayaw
Vehumet
Wu Jian
Xom
Yredelemnul
Zin

Annotations:
D:1 Jessica
D:2 1 exclusion
D:3 Purgy


Innate Abilities, Weirdness & Mutations

You cannot be hasted, slowed, berserked, paralysed or teleported.
You can dig through walls and to a lower floor.
Your four strong arms can wield two-handed weapons with a shield.
You have a pair of large antennae on your head. (SInv)
Scrolls take you a little longer to read.
You passively map a small area around you.
Potions are less effective at restoring your health.


Message History

You feel sick. The killer bee stings you!
The killer bee stings you but does no damage.
It was a potion of berserk rage.
Your stasis prevents you from going berserk.
You feel sick. You block the killer bee's attack. The killer bee stings you.
It was a potion of brilliance.
You feel clever all of a sudden.
You feel sick. The killer bee closely misses you. The killer bee stings you.
You are more poisoned.
The killer bee poisons you!
You feel more buoyant.
You feel sick. The killer bee stings you!
You die...
Kikubaaqudgha rasps: "You have failed me!
Welcome... death!"

####.#.##.......#.#.#......#.###.
####.#.##<..........#.#.<........
#...............#.#.#.#.#.....##.
#.##.#.##.#....##.#........##.##.
..†..#.##.#....##.....####.##....
#.####.........####.#.# #.......
#.# ###.####.## ##.## ###...##
#.## ###.####.######.# #...##
#..# #........yy@.##.# #...##
##.# #......#..##.##.#######...##
#.# #......#..##.##.##..........
#.# #.........##...>............
#.# #......##.#.....##>.........
##.# #.....>##.#.###########...##
#..# #.........#.# ##.....# #.##
#########.#.# #.......
#.#############..# ##.....#


You could see 2 killer bees.

Vanquished Creatures
  Pikel (D:5)
  Edmund (D:4)
  A sky beast (D:4)
  4 slaves (D:5)
  An ogre (D:5)
  2 bullfrogs (Sewer)
  Blork the orc (D:5)
  A killer bee (D:3)
  A bullfrog zombie (D:5)
  A hound (D:5)
  2 orc priests
  A centaur skeleton (D:5)
  3 orc wizards
  An iguana (D:4)
  3 worker ants
  3 gnolls (D:3)
  7 adders
  A river rat (D:4)
  10 oozes
  An adder skeleton (D:4)
  5 worms
  3 dart slugs
  15 leopard geckos
  20 orcs
  11 ball pythons
  16 giant cockroaches
  3 goblins
  6 hobgoblins
  2 quokkas
  6 bats
  24 frilled lizards
  A jackal skeleton (D:5)
  8 kobolds
  A leopard gecko skeleton (D:4)
  A quokka zombie (D:5)
  10 rats
178 creatures vanquished.

Notes
Turn   | Place    | Note
-------+----------+-------------------------------------------
     0 | D:1      | DildoBatman the Formicid Wizard began the quest for the
                  | Orb.
     0 | D:1      | Reached XP level 1. HP: 13/13 MP: 4/4
    73 | D:1      | Reached skill level 1 in Conjurations
   457 | D:1      | Reached XP level 2. HP: 10/19 MP: 0/6
  1298 | D:2      | Reached XP level 3. HP: 16/24 MP: 5/7
  1539 | D:2      | Noticed Jessica
  1856 | D:2      | Reached XP level 4. HP: 26/30 MP: 8/8
  1863 | D:2      | Learned a level 3 spell: Conjure Flame
  1867 | D:2      | Learned a level 3 spell: Mephitic Cloud
  2637 | D:3      | Noticed Purgy
  2761 | D:3      | Reached XP level 5. HP: 35/35 MP: 9/9
  3117 | D:3      | Reached XP level 6. HP: 28/41 MP: 9/10
  3191 | D:3      | Reached skill level 5 in Conjurations
  4042 | D:4      | Found a glowing drain.
  4060 | Sewer    | Entered a sewer
  4201 | Sewer    | Reached skill level 1 in Fire Magic
  4259 | Sewer    | Reached skill level 1 in Air Magic
  4355 | Sewer    | Reached XP level 7. HP: 46/46 MP: 11/11
  5296 | D:5      | Entered Level 5 of the Dungeon
  5297 | D:5      | Noticed Blork the orc
  5494 | D:5      | Noticed Edmund
  5764 | D:5      | Reached XP level 8. HP: 41/52 MP: 12/12
  6115 | D:5      | Found a staircase to the Ecumenical Temple.
  6124 | Temple   | Entered the Ecumenical Temple
  6280 | Temple   | Became a worshipper of Kikubaaqudgha
  6526 | D:5      | Noticed Pikel
  6554 | D:5      | Killed Pikel
  6554 | D:5      | Reached skill level 5 in Fire Magic
  6554 | D:5      | Reached skill level 5 in Air Magic
  6768 | D:5      | Killed Blork the orc
  6768 | D:5      | Reached skill level 1 in Fighting
  6768 | D:5      | Reached skill level 1 in Armour
  6768 | D:5      | Reached XP level 9. HP: 55/59 MP: 13/13
  7038 | D:4      | Killed Edmund
  7173 | D:2      | Gained mutation: Scrolls take you a little longer to read.
                  | [potion of mutation]
  7173 | D:2      | Gained mutation: Potions are less effective at restoring
                  | your health. [potion of mutation]
  7173 | D:2      | Gained mutation: You passively map a small area around you.
                  | [potion of mutation]
  7176 | D:2      | Slain by a killer bee

Illustrated notes

Levels and vault maps discovered:
D:1:      dpeg_arrival_round_a, layout_loops_ring,
          chequers_serial_rivers_micro_d, palyth_stone_intersect
D:2:      layout_loops_cross, uniq_jessica
D:3:      layout_loops_cross, first_ration, st_stairs_12,
          minmay_misc_feat_four_crosses, uniq_purgy, uniq_crazy_yiuf_cottage,
          uniq_grinder
D:4:      layout_loops_ring, gup_sewer_entry_bubbles, minmay_quadrilaterals
D:5:      layout_loops_cross, temple_hall, uniq_pikel, uniq_blork_the_orc,
          uniq_edmund
Temple:   regret_index_temple_sigil_plot

Skill      XL: |  1  2  3  4  5  6  7  8 |
---------------+-------------------------+-----
Conjurations   | 1 2 3 4 5 |  5.8
Fire Magic     | 1 3 5 |  5.0
Air Magic      | 1 3 5 |  5.0
Fighting       | 1 |  1.8
Armour         | 1 |  1.8
Dodging        | 2 |  2.4
Stealth        | |  2.4
Spellcasting   | |  3.2
Summonings     | |  1.0
Translocations | |  0.8

Action                   |  1- 3 |  4- 6 |  7- 9 || total
-------------------------+-------+-------+-------++-------
Melee: Unarmed           |    10 |       |       ||    10
       Flail             |       |     3 |     9 ||    12
       Whip              |       |       |    25 ||    25
 Fire: Hunting sling     |       |    57 |   103 ||   160
 Cast: Magic Dart        |    98 |   203 |    91 ||   392
       Mephitic Cloud    |       |     3 |    16 ||    19
       Conjure Flame     |       |       |    19 ||    19
 Abil: Dig               |       |    10 |     3 ||    13
Evoke: Wand              |       |       |     3 ||     3
  Use: Scroll            |       |     2 |     4 ||     6
       Potion            |       |       |     9 ||     9
 Stab: Confused          |       |       |     2 ||     2
  Eat: Chunk             |     3 |     9 |    11 ||    23
Armor: Robe              |     4 |     4 |     7 ||    15
       Leather armour    |       |       |     8 ||     8
Dodge: Dodged            |    17 |    29 |    67 ||   113
Block: Kite shield       |       |       |     9 ||     9
